 Dungeon Crawl Stone Soup version 0.30-a0-916-g9813417 (webtiles) character file.

Game seed: 11271066006796781000

2753803 jagoly the Stormcaller (level 27, 177/179 HPs)
             Began as a Tengu Reaver on Mar 21, 2023.
             Was the Champion of Vehumet.
             Escaped with the Orb
             ... and 5 runes on Mar 22, 2023!
             The game lasted 09:20:54 (84647 turns).

jagoly the Stormcaller (Tengu Reaver)              Turns: 84647, Time: 09:20:54

Health: 177/179    AC: 30    Str: 13 (16) XL:     27
Magic:  46/46      EV: 17    Int: 29 (30) God:    Vehumet [******]
Gold:   5797       SH:  7    Dex: 11 (13) Spells: 4/62 levels left

rFire   + + .      SeeInvis .    a - staff of air "Careta" {Fly rElec rPois Int+2}
rCold   + . .      Faith    .    z - +2 buckler {rN+}
rNeg    + . .      Spirit   .    t - +8 fire dragon scales
rPois   +          Reflect  .    k - +1 hat
rElec   +          Rampage  .    y - +1 cloak {rC+}
rCorr   .                        p - +2 pair of gloves {Stlth+}
Will    ++++.                    (boots unavailable)
Stlth   +                        D - amulet of magic regeneration
HPRegen 0.49/turn                Y - +6 ring of intelligence
MPRegen 0.70/turn                Z - ring "Ewkeotwi" {Wiz rPois rC+ Will++ Str-2}

@: flying quickly and evasively, quick
A: beak, talons 3, nimble flight, poison resistance
0: Orb of Zot
}: 5/15 runes: barnacled, slimy, silver, abyssal, gossamer
a: Renounce Religion


You escaped.
You worshipped Vehumet.
Vehumet was exalted by your worship.
You visited 11 branches of the dungeon, and saw 55 of its levels.
You visited the Abyss 4 times.
You also visited: Sewer, Ice Cave and Wizlab.

You collected 9019 gold pieces.
You spent 3222 gold pieces at shops.

Inventory:

Hand Weapons
 b - the +8 trident of the Octopus King {venom, rElec rPois}
   (You found it on level 11 of the Dungeon)

   rElec:     It insulates you from electricity.
   rPois:     It protects you from poison.
Missiles
 f - 56 boomerangs
 m - 6 silver boomerangs
 H - 6 throwing nets
 O - 4 silver javelins
 U - 19 curare-tipped darts
Armour
 k - a +1 hat (worn)
 p - a +2 pair of gloves of stealth (worn)
 t - +8 fire dragon scales (worn)
 y - a +1 cloak of cold resistance (worn)
 z - a +2 buckler of positive energy (worn)
Magical Staves
 a - the staff of air "Careta" (weapon) {Fly rElec rPois Int+2}
   (You found it on level 5 of the Vaults)

   [staff of air]

   Base accuracy: +5 Base damage: 5 Base attack delay: 1.2 This weapon's minimum
   attack delay (0.6) is reached at skill level 12.
   It falls into the 'Staves' category.
   It is a one-handed weapon.
 w - the staff of poison "Abiatoj" {rPois rC+ rN+ Dex+6}
   (You found it in a wizard's laboratory)

   [staff of poison]

   Base accuracy: +5 Base damage: 5 Base attack delay: 1.2 This weapon's minimum
   attack delay (0.6) is reached at skill level 12.
   It falls into the 'Staves' category.
   It is a one-handed weapon.
Jewellery
 e - a ring of protection from fire
 n - a ring of see invisible
 o - the ring of Qico {Will++ rCorr}
   (You found it on level 5 of the Pits of Slime)

   [ring of resist corrosion]

   rCorr:     It protects you from acid and corrosion.
   Will:      It greatly increases your willpower.
 D - an amulet of magic regeneration (around neck)
 Y - a +6 ring of intelligence (left hand)
 Z - the ring "Ewkeotwi" (right hand) {Wiz rPois rC+ Will++ Str-2}
   (You took it off a deep elf annihilator on level 3 of the Elven Halls)

   [ring of wizardry]

   It improves your spell success rate.
   Str:       It affects your strength (-2).
   rC:        It protects you from cold.
   rPois:     It protects you from poison.
   Will:      It greatly increases your willpower.
Wands
 c - a wand of roots (36)
 g - a wand of light (14)
 F - a wand of mindburst (20)
 L - a wand of paralysis (59)
 M - a wand of digging (3)
Scrolls
 h - 4 scrolls of fog
 j - 3 scrolls of immolation
 v - 10 scrolls of magic mapping
 x - 10 scrolls of poison
 B - 5 scrolls of summoning
 I - 5 scrolls of vulnerability
 N - a scroll of blinking
 P - 9 scrolls of fear
 V - 8 scrolls of teleportation
Potions
 d - 15 potions of mutation
 i - 10 potions of brilliance
 l - 6 potions of haste
 q - 4 potions of resistance
 r - 4 potions of magic
 s - 4 potions of heal wounds
 A - 20 potions of curing
 E - 13 potions of might
 G - 4 potions of ambrosia
 J - 3 potions of cancellation
 K - 4 potions of invisibility
Miscellaneous
 u - a phantom mirror
 C - a box of beasts
 Q - a lightning rod (4/4)
 S - a condenser vane
 W - a phial of floods
 X - a tin of tremorstones (2/2)


   Skills:
 + Level 20.1 Fighting
 - Level 14.0 Polearms
 - Level 2.0 Throwing
 - Level 18.0 Armour
 - Level 18.0 Dodging
 - Level 2.0 Stealth
 - Level 8.0 Shields
 - Level 18.0 Spellcasting
 - Level 20.8 Conjurations
 - Level 8.0 Necromancy
 - Level 3.0 Translocations
 - Level 6.0 Transmutations
 - Level 20.8 Fire Magic
 - Level 1.0 Ice Magic
 - Level 20.9 Air Magic
 - Level 2.0 Poison Magic
 - Level 13.0 Evocations


You had 4 spell levels left.
You knew the following spells:

 Your Spells              Type           Power      Damage    Failure   Level
a - Dispel Undead         Necr           64%        3d22      1%          4
i - Ignition              Fire           49%        3d14      1%          8
q - Apportation           Tloc           86%        N/A       1%          1
s - Starburst             Conj/Fire      49%        6d13      1%          6
v - Poisonous Vapours     Pois/Air       100%       N/A       1%          2
w - Orb of Destruction    Conj           49%        9d13      1%          7
x - Airstrike             Air            60%        2d(9-25)  0%          4
B - Blink                 Tloc           86%        N/A       1%          2
C - Plasma Beam           Fire/Air       60%        2x1d83    1%          5
M - Maxwell's Capacitive  Air            60%        ∞         1%          8
P - Ignite Poison         Fire/Tmut/Pois 69%        N/A       1%          3
S - Swiftness             Air            100%       N/A       0%          3
T - Irradiate             Conj/Tmut      40%        3d25      1%          5

Your spell library contained the following spells:

 Spells                   Type           Power      Damage    Failure   Level
 Foxfire                  Conj/Fire      100%       2x1d9     0%          1
 Kiss of Death            Conj/Necr      100%       2d13      0%          1
 Shock                    Conj/Air       100%       1d9       0%          1
 Static Discharge         Conj/Air       100%       2-7/arc   0%          2
 Flame Wave               Conj/Fire      98%        2d20      0%          4
 Sticky Flame             Conj/Fire      98%        2d11      0%          4
 Beastly Appendage        Tmut           100%       N/A       1%          1
 Freeze                   Ice            100%       1d10      1%          1
 Sting                    Tmut/Pois      100%       1d8       1%          1
 Cigotuvi's Dreadful Rot  Necr/Pois/Air  100%       N/A       1%          2
 Lesser Beckoning         Tloc           86%        N/A       1%          2
 Momentum Strike          Conj/Tloc      100%       3d10      1%          2
 Sublimation of Blood     Necr           64%        N/A       1%          2
 Wereblood                Tmut           57%        N/A       1%          2
 Dazzling Flash           Conj/Hex       100%       N/A       1%          3
 Frozen Ramparts          Ice            62%        1d10      1%          3
 Hailstorm                Conj/Ice       73%        3d15      1%          3
 Inner Flame              Hex/Fire       72%        N/A       1%          3
 Kindle Blastsparks       Fire/Tloc/Air  100%       2d18      1%          3
 Mephitic Cloud           Conj/Pois/Air  100%       N/A       1%          3
 Spider Form              Tmut/Pois      49%        N/A       1%          3
 Vhi's Electric Charge    Tloc/Air       100%       N/A       1%          3
 Fulminant Prism          Conj/Hex       36%        3d17      1%          4
 Iskenderun's Mystic Bla  Conj/Tloc      76%        2d15      1%          4
 Summon Lightning Spire   Summ/Air       92%        N/A       1%          4
 Gell's Gravitas          Tloc           43%        N/A       2%          3
 Teleport Other           Tloc           43%        N/A       2%          3
 Ensorcelled Hibernation  Hex/Ice        58%        N/A       3%          2
 Olgreb's Toxic Radiance  Pois           37%        N/A       3%          4
 Portal Projectile        Hex/Tloc       68%        N/A       4%          3
 Ozocubu's Armour         Ice            31%        N/A       5%          3
 Anguish                  Hex/Necr       24%        N/A       5%          4
 Manifold Assault         Tloc           43%        N/A       8%          4
 Passage of Golubria      Tloc           43%        N/A       8%          4
 Petrify                  Tmut/Erth      43%        N/A       8%          4
 Tukima's Dance           Hex            26%        N/A       9%          3
 Summon Ice Beast         Ice/Summ       29%        N/A       21%         4
 Animate Armour           Summ/Erth      52%        N/A       26%         4
 Cause Fear               Hex            13%        N/A       26%         4
 Leda's Liquefaction      Hex/Erth       13%        N/A       26%         4
 Arcjolt                  Conj/Air       60%        1d70      1%          5
 Freezing Cloud           Conj/Ice/Air   52%        6-21      1%          5
 Silence                  Hex/Air        46%        N/A       1%          5
 Iron Shot                Conj/Erth      36%        9d7       1%          6
 Agony                    Necr           64%        N/A       2%          5
 Blade Hands              Tmut           28%        N/A       6%          5
 Yara's Violent Unravell  Hex/Tmut       21%        3d10      6%          5
 Storm Form               Tmut/Air       51%        N/A       9%          7
 Alistair's Intoxication  Tmut/Pois      32%        N/A       14%         5
 Borgnjor's Vile Clutch   Necr/Erth      24%        N/A       14%         5
 Chain Lightning          Conj/Air       60%        3d80      14%         9
 Fire Storm               Conj/Fire      49%        8d12      14%         9
 Death Channel            Necr           32%        N/A       16%         6
 Lee's Rapid Deconstruct  Erth           13%        3d9*      19%         5
 Eringya's Noxious Bog    Tmut/Pois      24%        N/A       21%         6
 Lehudib's Crystal Spear  Conj/Erth      36%        10d9      47%         8
 Metabolic Englaciation   Hex/Ice        14%        N/A       50%         5
 Simulacrum               Ice/Necr       25%        N/A       52%         6
 Summon Mana Viper        Hex/Summ       26%        N/A       56%         5
 Dispersal                Tloc           21%        N/A       71%         6
 Statue Form              Tmut/Erth      28%        N/A       71%         6
 Dragon Form              Tmut           28%        N/A       86%         7
 Ozocubu's Refrigeration  Ice            15%        4d10      94%         7
 Enfeeble                 Hex            13%        N/A       100%        7
 Monstrous Menagerie      Summ           13%        N/A       100%        7
 Summon Hydra             Summ           13%        N/A       100%        7
 Discord                  Hex            13%        N/A       100%        8
 Polar Vortex             Ice            15%        N/A       100%        9
 Shatter                  Erth           13%        3d13*     100%        9


Dungeon Overview and Level Annotations

Branches:
Dungeon (15/15)            Temple (0/1) D:6            Lair (5/5) D:11
 Shoals (4/4) Lair:2       Spider (4/4) Lair:3        Slime (5/5) Lair:4
    Orc (2/2) D:11            Elf (3/3) Orc:2        Vaults (5/5) D:14
  Crypt (3/3) Vaults:3       Tomb (0/3) Crypt:3      Depths (4/4) D:15
    Zot (5/5) Depths:4      Sewer (visited)           IceCv (visited)
 WizLab (visited)

Altars:
Elyvilon
Fedhas
Gozag
Kikubaaqudgha
Makhleb
Okawaru
Uskayaw
Vehumet
Xom
Yredelemnul
Zin
The Shining One
Jiyva

Shops:
D:4 (   D:5 *   D:6 *   D:13 :   Orc:1 (   Orc:2 [(=:   Elf:2 (*:(*
Shoals:1 ?   Shoals:3 (   Vaults:2 *   Depths:4 :==

Portals:
Hell: Depths:1 Depths:2 Depths:3 Depths:4
Abyss: Depths:1 Depths:3
Pandemonium: Depths:2
Ziggurat: Depths:1

Annotations:
Spider:3 1 runed translucent door, Goriov's ghost, journeyman DECj
Elf:2 3 runed translucent doors
Depths:1 4 exclusions
Zot:3 2 transporters, Ipiohoh's ghost, master TrFi
Zot:5 exclusions: orange crystal statue and 1 more exclusion


Innate Abilities, Weirdness & Mutations

You have a beak for a mouth.
You have claws for feet.
Your magical nature lets you fly swiftly and evasively.
Your system is resistant to poisons. (rPois)


Message History

Aiming: Orb of Destruction (mildly dangerous; 1% risk of failure)
Press: ? - help, Shift-Dir - straight line, f/p - tentacled monstrosity
Aim: a tentacled monstrosity (ally target)
The orb of destruction hits the tentacled monstrosity!!!
The tentacled monstrosity is heavily wounded.
The orb of destruction hits the tentacled monstrosity!!!
The tentacled monstrosity is almost dead.
Cast which spell? (? or * to list)
Aiming: Orb of Destruction (mildly dangerous; 1% risk of failure)
Press: ? - help, Shift-Dir - straight line, f/p - tentacled monstrosity
Aim: a tentacled monstrosity (magical condensation, almost dead)
The orb of destruction hits the tentacled monstrosity!!!
You blow up the tentacled monstrosity!
Vehumet accepts your kill.
You feel your power returning.
(D) Dungeon (T) Temple (L) Lair (A) Shoals (N) Spider Nest (M) Slime Pits (O) Orcish Mines (E) Elven Halls (V) Vaults (C) Crypt (W) Tomb (U) Depths (H) Hell (Z) Zot
Where to? (Enter - Zot:3 @ (x,y), ? - help)
A red devil comes into view. It is wielding a +0 trident.
Cast which spell? (? or * to list)
Aiming: Orb of Destruction (mildly dangerous; 1% risk of failure)
Press: ? - help, Shift-Dir - straight line, f - red devil
Aim: a red devil, wielding a +0 trident
Okay, then.
Cast which spell? (? or * to list)
Aiming: Orb of Destruction (mildly dangerous; 1% risk of failure)
Press: ? - help, Shift-Dir - straight line, f - red devil
Aim: a red devil, wielding a +0 trident Cast which spell? (? or * to list)
Aiming: Orb of Destruction (mildly dangerous; 1% risk of failure)
Press: ? - help, Shift-Dir - straight line, f/p - red devil
Aim: a red devil, wielding a +0 trident (ally target)
The orb of destruction hits the red devil!!!
You blow up the red devil!
Vehumet accepts your kill.
You feel your power returning.
(D) Dungeon (T) Temple (L) Lair (A) Shoals (N) Spider Nest (M) Slime Pits (O) Orcish Mines (E) Elven Halls (V) Vaults (C) Crypt (W) Tomb (U) Depths (H) Hell (Z) Zot
Where to? (Enter - Zot:3 @ (x,y), ? - help)
You see here a +0 hand axe.
You see here +0 shadow dragon scales.
There is an open door, spattered with blood here.
You see here a +0 battleaxe.
Magic restored.
Things that are here:
a +0 cloak; a +0 glaive
There is a stone staircase leading up here.
Okay, then.
You start resting.
A blizzard demon comes into view.
You fly upwards.
There is a stone staircase leading down here.
(D) Dungeon (T) Temple (L) Lair (A) Shoals (N) Spider Nest (M) Slime Pits (O) Orcish Mines (E) Elven Halls (V) Vaults (C) Crypt (W) Tomb (U) Depths (H) Hell (Z) Zot
Where to? (Enter - Zot:3 @ (x,y), ? - help)
What level of the Dungeon? (default 15, ? - help)
You see here a +0 long sword.
Items here: )))) ?.
Items here: )) [[.
Things that are here:
a +0 war axe; a +0 glaive
Things that are here:
a +0 battleaxe; a +8 club of electrocution; a +9 club of freezing
Things that are here:
a +0 cloak; a +0 cloak; a +3 heavy great sword
Things that are here:
a stone; a +0 cloak; a +0 rapier A hellephant comes into view.
The hellephant trumpets!
Cast which spell? (? or * to list)
You feel a surge of power!
You begin accumulating electric charge. (Press . to continue charging.)
You feel charge building up... The hellephant breathes flames at you.
The blast of flame hits you!! You resist.
You feel charge building up...
You feel charge building up... The hellephant breathes flames at you.
The blast of flame hits you! You resist.
The electricity discharges through the hellephant!
The hellephant vaporises in an electric haze!
You kill the hellephant!
Vehumet accepts your kill.
You feel your power returning.
(D) Dungeon (T) Temple (L) Lair (A) Shoals (N) Spider Nest (M) Slime Pits (O) Orcish Mines (E) Elven Halls (V) Vaults (C) Crypt (W) Tomb (U) Depths (H) Hell (Z) Zot
Where to? (Enter - D:1 @ (x,y), ? - help)
A seraph and a cherub come into view.
The seraph is wielding a +7 great sword of flaming.
The cherub is wielding a +4 long sword of flaming.
Press: ? - help, v - describe, . - travel
Here: a seraph, wielding a +7 great sword of flaming and wearing +2 fire dragon scales (haloed)
The floor.
Unknown command.
You feel yourself speed up.
The cherub's ox head lows!
Cast which spell? (? or * to list)
You feel a surge of power!
You feel quick.
The seraph gestures.
The cherub sings a powerful hymn!
The angels go into a battle-frenzy!
You start to feel a little slower.
Aiming: Dig
Press: ? - help, Shift-Dir - straight line You can't see that place.
The rock shatters into small pieces.
You see here +0 shadow dragon scales.
There is a stone staircase leading up here.
You start resting.
You feel sluggish.
You fly upwards.
There is a stone staircase leading down, spattered with blood here.
Things that are here:
a +0 short sword; a purple draconian skeleton You start to feel a little faster.
There is a gate leading back out of this place, spattered with blood here.
You start resting.
You no longer feel sluggish.
You start resting.
Your extra speed is starting to run out.
You start resting.
A ynoxinul comes into view.
You fly up through the gate.
Welcome back to the Depths!
There is a gate to the Realm of Zot, spattered with blood here.
(D) Dungeon (T) Temple (L) Lair (A) Shoals (N) Spider Nest (M) Slime Pits (O) Orcish Mines (E) Elven Halls (V) Vaults (C) Crypt (W) Tomb (U) Depths (H) Hell (Z) Zot
Where to? (Enter - Zot:1 @ (x,y), ? - help)
What level of the Dungeon? (default 15, ? - help) Key pressed, stopping travel.
Unknown command.
Unknown command.
(D) Dungeon (T) Temple (L) Lair (A) Shoals (N) Spider Nest (M) Slime Pits (O) Orcish Mines (E) Elven Halls (V) Vaults (C) Crypt (W) Tomb (U) Depths (H) Hell (Z) Zot
Where to? (Enter - D:1 @ (x,y), ? - help)
You feel yourself slow down.
You see here a +0 flail.
You see here +0 shadow dragon scales.
There is an open door, spattered with blood here.
You see here a +0 short sword.
There is an open door, spattered with blood here.
You see here a +0 arbalest.
Things that are here:
a +0 chain mail; a +3 war axe
There is a stone staircase leading up, spattered with blood here.
You fly upwards.
There is a stone staircase leading down here.
There is a stone staircase leading up, spattered with blood here.
You fly upwards.
There is a stone staircase leading down here.
There is a stone staircase leading up here.
You fly upwards.
Level annotation: 4 exclusions
There is a stone staircase leading down here.
You see here a +0 buckler.
You see here 3 large rocks.
There is a staircase back to the Dungeon here.
You fly upwards.
Welcome back to the Dungeon!
There is a staircase to the Depths here.
Items here: ! == ??? [[ |.
There is an open door here.
Things that are here:
a +0 ring mail; a +0 long sword
There is an open door here.
HP restored.
A smoke demon comes into view.
Cast which spell? (? or * to list)
Aiming: Airstrike (safe; 0% risk of failure)
Press: ? - help, Dir - move target, f - smoke demon
Aim: a smoke demon (empty space bonus: 6/8)
You feel a surge of power!
The air twists around and strikes the smoke demon!
The smoke demon is moderately wounded.
Cast which spell? (? or * to list)
You don't know that spell.
Okay, then.
Unknown command.
Cast which spell? (? or * to list)
Aiming: Orb of Destruction (mildly dangerous; 1% risk of failure)
Press: ? - help, Shift-Dir - straight line, f/p - smoke demon
Aim: a smoke demon (moderately wounded)
The orb of destruction hits the smoke demon!!!
You blow up the smoke demon!
Vehumet accepts your kill.
You feel your power returning.
(D) Dungeon (T) Temple (L) Lair (A) Shoals (N) Spider Nest (M) Slime Pits (O) Orcish Mines (E) Elven Halls (V) Vaults (C) Crypt (W) Tomb (U) Depths (H) Hell (Z) Zot
Where to? (Enter - D:1 @ (x,y), ? - help) Magic restored.
There is an open door here.
A balrug and a sun demon come into view.
The balrug is wielding a +0 antimagic demon whip.
The sun demon shouts!
The balrug moves out of view.
Cast which spell? (? or * to list)
You feel a surge of power!
You begin accumulating electric charge. (Press . to continue charging.)
You feel charge building up...
Unknown command.
You feel charge building up...
A sun demon comes into view.
You feel charge building up...
You feel charge building up...
The electricity discharges through the sun demon!
The sun demon vaporises in an electric haze!
You kill the sun demon!
Vehumet accepts your kill.
You feel your power returning.
Cast which spell? (? or * to list)
You feel a surge of power!
You begin accumulating electric charge. (Press . to continue charging.)
You feel charge building up...
You feel charge building up... The balrug gestures at you.
The sticky flame hits you but does no damage.
You are covered in liquid flames!
You feel charge building up...
You are covered in liquid flames!
The balrug gestures at you. The bolt of fire misses you.
The sun demon completely misses you. The balrug hits you but does no damage.
You block the sun demon's attack.
The electricity discharges through the sun demon!
The sun demon vaporises in an electric haze!
You kill the sun demon!
Vehumet accepts your kill.
You are covered in liquid flames!
You feel your intelligence returning.
Training target 20.0 for Fighting reached!
Your Fighting skill increases to level 20!
You need to enable at least one skill for training.
Cast which spell? (? or * to list)
You feel a surge of power!
You begin accumulating electric charge. (Press . to continue charging.)
You feel charge building up...
You are covered in liquid flames!
You are no longer on fire.
The balrug hits you with a +0 antimagic demon whip!
You are engulfed in flames.
You resist.
You feel your power leaking away. The balrug hits you but does no damage.
You feel charge building up... The balrug gestures at you.
The fireball explodes!
The fireball engulfs you! You resist.
The fireball engulfs the balrug.
The balrug completely resists.
You feel charge building up...
The balrug hits you with a +0 antimagic demon whip.
You are engulfed in flames.
You resist.
The electricity discharges through the balrug!
The balrug vaporises in an electric haze!
You kill the balrug!
Vehumet accepts your kill.
You feel your power returning.
Cast which spell? (? or * to list)
You can't see any susceptible monsters within range! (Use Z to cast anyway.) Unknown command.
You see here a +0 antimagic demon whip.
There is an open door here.
There is a stone staircase leading up here.
You start resting.
A rust devil comes into view.
Cast which spell? (? or * to list)
You erupt in a fountain of uncontrolled magic!
The rust devil is blasted with magical radiation!!
The rust devil is heavily wounded.
You are very lightly contaminated with residual magic.
Cast which spell? (? or * to list)
You erupt in a fountain of uncontrolled magic!
The rust devil is blasted with magical radiation!
The rust devil is almost dead.
You are lightly contaminated with residual magic.
The rust devil hits you. The rust devil corrodes you!
Cast which spell? (? or * to list)
Aiming: Orb of Destruction (mildly dangerous; 1% risk of failure)
Press: ? - help, Shift-Dir - straight line, f - rust devil
Aim: a rust devil (almost dead)
The wavering orb of destruction weakly hits the rust devil!!
You blow up the rust devil!
Vehumet accepts your kill.
You feel your power returning.
You start resting.
You are no longer corroded.
You start resting.
Magic restored.
An Orb Guardian comes into view.
You fly upwards.
There is a stone staircase leading down here.
(D) Dungeon (T) Temple (L) Lair (A) Shoals (N) Spider Nest (M) Slime Pits (O) Orcish Mines (E) Elven Halls (V) Vaults (C) Crypt (W) Tomb (U) Depths (H) Hell (Z) Zot
Where to? (Enter - D:1 @ (x,y), ? - help)
A green death comes into view.
Cast which spell? (? or * to list)
Aiming: Orb of Destruction (mildly dangerous; 1% risk of failure)
Press: ? - help, Shift-Dir - straight line, f - green death
Aim: a green death The wavering orb of destruction hits the green death!!
The green death is moderately wounded.
Cast which spell? (? or * to list)
Aiming: Orb of Destruction (mildly dangerous; 1% risk of failure)
Press: ? - help, Shift-Dir - straight line, f/p - green death
Aim: a green death (moderately wounded)
The green death gestures at you. The blast of poison misses you.
The wavering orb of destruction hits the green death!!!
The green death is almost dead.
Cast which spell? (? or * to list)
Aiming: Orb of Destruction (mildly dangerous; 1% risk of failure)
Press: ? - help, Shift-Dir - straight line, f/p - green death
Aim: a green death (poison gas, almost dead)
The green death gestures at you. The poison arrow hits you!
You are poisoned.
You partially resist.
The wavering orb of destruction hits the green death!!!
You blow up the green death!
Vehumet accepts your kill.
(D) Dungeon (T) Temple (L) Lair (A) Shoals (N) Spider Nest (M) Slime Pits (O) Orcish Mines (E) Elven Halls (V) Vaults (C) Crypt (W) Tomb (U) Depths (H) Hell (Z) Zot
Where to? (Enter - D:1 @ (x,y), ? - help)
You feel very sick.
You feel sick.
You feel sick.
Your magical contamination has completely faded away.
You feel sick.
You feel sick.
You feel sick.
You feel sick.
You feel sick.
You feel sick.
You are no longer poisoned.
There is a stone staircase leading up here.
You fly upwards.
There is a stone staircase leading down here.
There is an open door here.
Magic restored.
There is a stone staircase leading up here.
You fly upwards.
Magic restored.
There is a stone staircase leading down here.
A soul eater comes into view.
Unknown command.
Cast which spell? (? or * to list)
Aiming: Orb of Destruction (mildly dangerous; 1% risk of failure)
Press: ? - help, Shift-Dir - straight line, f - soul eater
Aim: a soul eater Cast which spell? (? or * to list)
Aiming: Orb of Destruction (mildly dangerous; 1% risk of failure)
Press: ? - help, Shift-Dir - straight line, f/p - soul eater
Aim: a soul eater (ally target)
The orb of destruction hits the soul eater!!!
The soul eater is almost dead.
The orb of destruction hits the soul eater!!!
You blow up the soul eater!
Vehumet accepts your kill.
You feel your power returning.
(D) Dungeon (T) Temple (L) Lair (A) Shoals (N) Spider Nest (M) Slime Pits (O) Orcish Mines (E) Elven Halls (V) Vaults (C) Crypt (W) Tomb (U) Depths (H) Hell (Z) Zot
Where to? (Enter - D:1 @ (x,y), ? - help)
There is a stone staircase leading up here.
You fly upwards.
Magic restored.
There is a stone staircase leading down here.
HP restored.
There is an open door here.
There is an open door here.
There is an open door here.
There is an open door here.
There is a stone staircase leading up, spattered with blood here.
There is an open door here.
There is an open door here.
There is a stone staircase leading up here.
You fly upwards.
There is a stone staircase leading down here.
A tormentor comes into view.
Cast which spell? (? or * to list)
You feel a surge of power!
You feel quick.
The tormentor calls on the powers of darkness!
Your body is wracked with pain!
You see here a +0 shortbow.
There is a broken door here.
Unknown command.
There is a stone staircase leading up, spattered with blood here.
You fly upwards.
There is a stone staircase leading down here.
(D) Dungeon (T) Temple (L) Lair (A) Shoals (N) Spider Nest (M) Slime Pits (O) Orcish Mines (E) Elven Halls (V) Vaults (C) Crypt (W) Tomb (U) Depths (H) Hell (Z) Zot
Where to? (Enter - D:1 @ (x,y), ? - help)
Okay, then.
There is a stone staircase leading up here.
You feel better.
You feel better.
You start to feel a little slower.
You feel better.
You feel better.
You start resting.
You feel sluggish.
You start resting.
A lorocyproca comes into view.
You fly upwards.
There is a stone staircase leading down here.
(D) Dungeon (T) Temple (L) Lair (A) Shoals (N) Spider Nest (M) Slime Pits (O) Orcish Mines (E) Elven Halls (V) Vaults (C) Crypt (W) Tomb (U) Depths (H) Hell (Z) Zot
Where to? (Enter - D:9 @ (x,y), ? - help)
What level of the Dungeon? (default 1, ? - help)
There is a large open door here.
There is a large open door here.
You start to feel a little faster.
You no longer feel sluggish.
There is a stone staircase leading up here.
You fly upwards.
There is a stone staircase leading down here.
HP restored.
A rust devil comes into view.
Cast which spell? (? or * to list)
Aiming: Orb of Destruction (mildly dangerous; 1% risk of failure)
Press: ? - help, Shift-Dir - straight line, f - rust devil
Aim: a rust devil The orb of destruction hits the rust devil!!!
You blow up the rust devil!
Vehumet accepts your kill.
You feel your power returning.
There is a stone staircase leading up here.
You fly upwards.
A blizzard demon comes into view.
There is a stone staircase leading down here.
Cast which spell? (? or * to list)
You feel a surge of power!
You begin accumulating electric charge. (Press . to continue charging.)
You feel charge building up...
You feel charge building up...
You feel charge building up...
The electricity discharges through the blizzard demon!
The blizzard demon vaporises in an electric haze!
You kill the blizzard demon!
Vehumet accepts your kill.
You feel your power returning.
(D) Dungeon (T) Temple (L) Lair (A) Shoals (N) Spider Nest (M) Slime Pits (O) Orcish Mines (E) Elven Halls (V) Vaults (C) Crypt (W) Tomb (U) Depths (H) Hell (Z) Zot
Where to? (Enter - D:1 @ (x,y), ? - help) Magic restored.
HP restored.
You see here a +0 spear.
There is a stone staircase leading up here.
You fly upwards.
There is a stone staircase leading down here.
There is a stone staircase leading up here.
You fly upwards.
There is a stone staircase leading down here.
There is a stone staircase leading up here.
You fly upwards.
There is a stone staircase leading down here.
There is a stone staircase leading up here.
You fly upwards.
There is a stone staircase leading down here.
A cherub comes into view. It is wielding a +1 flail of flaming.
The cherub's eagle head screeches!
The cherub unwields a +1 flail of flaming.
It stops flaming.
The cherub wields a +0 shortbow.
The cherub shoots an arrow.
The arrow hits you!
The cherub shoots an arrow.
The arrow hits you!
There is a stone staircase leading up here.
The cherub shoots an arrow.
The arrow hits you but does no damage.
You fly upwards.
There is a stone staircase leading down here.
(D) Dungeon (T) Temple (L) Lair (A) Shoals (N) Spider Nest (M) Slime Pits (O) Orcish Mines (E) Elven Halls (V) Vaults (C) Crypt (W) Tomb (U) Depths (H) Hell (Z) Zot
Where to? (Enter - D:1 @ (x,y), ? - help)
There is an open door here.
There is an open door here.
There is an open door here.
There is an open door here.
There is an open door here.
HP restored.
There is a staircase leading out of the dungeon here.
Save game and exit?
Okay, then.
You have escaped!

......♣♣♣P.......##............§≈
......P..PP......##............§#
.........).......##.........#+.≈#
.....##..........'')........'..≈#
.....##..........##.........#...#
.....##..........##......####....
########################## ##...
############# ##..
######.....@.....###### #..
#####.....................#####.
##...........#######...........##
......#########...#########......
...####...#...#.>.#...#...####...
.###..#...'...'...'...'...#..###.
###...#...##.#######.##...#...##'
..'...'...#### ####...'...'..
..#...#...# #§..#...#..


There were no monsters in sight!

Vanquished Creatures
  the Royal Jelly (Slime:5)
  3 dread liches
  An ancient lich (Abyss:3)
  Mara (Vaults:2)
  Mennas (Vaults:4)
  2 juggernauts
  5 Killer Klowns
  Margery (Vaults:4)
  Xtahua (Depths:3)
  2 curse toes
  12 golden dragons
  Jory (Crypt:2)
  A profane servitor (Crypt:3)
  3 doom hounds (Crypt:2)
  Arachne (Spider:3)
  4 bone dragons
  2 hellephants
  24 tentacled monstrosities
  A shard shrike zombie (Crypt:1)
  3 electric golems
  A walking crystal tome (Depths:3)
  Mlioglotl (Shoals:4)
  A moon troll (WizLab)
  13 acid blobs
  6 liches
  8 quicksilver dragons
  8 Orb Guardians (Zot:5)
  3 sphinxes
  A deep elf master archer (Elf:3)
  3 titans (Vaults:5)
  Grunn (Crypt:2)
  7 ancient champions
  Polyphemus (Shoals:3)
  7 death cobs
  Agnes (Spider:4)
  9 tentacled starspawn
  Kirke (Spider:3)
  A kraken (Shoals:4)
  A shadow dragon (shapeshifter) (Vaults:4)
  Donald (Shoals:4)
  7 tengu reavers
  9 draconian monks
  10 rockslimes
  16 shadow dragons
  13 storm dragons
  4 revenants
  6 frost giants
  Roxanne (Spider:4)
  10 fire giants
  8 azure jellies
  Ilsuiw (Shoals:2)
  2 draconian scorchers
  9 deep elf sorcerers
  9 draconian knights
  4 ghost moths
  An iron dragon (Depths:3)
  7 emperor scorpions
  2 balrugs
  Aizul (Shoals:2)
  6 draconian shifters
  The ghost of Caerwyn the Unseen, an adept KoEn of Gozag (D:14)
  A juggernaut zombie (Abyss:3)
  A curse skull (Crypt:2)
  A cacodemon (WizLab)
  4 draconian stormcallers
  14 vault wardens
  4 deep elf elementalists (Elf:3)
  2 orc warlords
  3 draconian annihilators
  3 broodmothers
  6 ghouls
  38 very ugly things
  4 war gargoyles
  12 ironbound preservers
  A spriggan defender (Depths:1)
  A rockslime zombie (Crypt:1)
  10 quicksilver oozes
  19 stone giants
  A caustic shrike skeleton (Depths:2)
  5 ironbound thunderhulks
  4 deep elf demonologists
  7 black draconians
  10 vampire knights
  4 yellow draconians
  17 green draconians
  8 spark wasps
  8 deep elf annihilators (Elf:3)
  10 red draconians
  16 dire elephants
  12 white draconians
  18 purple draconians
  A spark wasp (shapeshifter) (Vaults:5)
  2 mummy priests (Crypt:3)
  5 merfolk impalers
  7 deep elf death magi
  3 eidola
  A quicksilver dragon zombie (Crypt:1)
  13 ettins
  A blizzard demon (D:6)
  3 crystal guardians
  A green death (D:14)
  4 entropy weavers
  10 fire dragons
  18 yaktaur captains
  A merfolk javelineer (Shoals:4)
  9 jiangshi
  3 rakshasas
  6 deep elf high priests
  40 vault guards
  10 ice dragons
  9 great orbs of eyes
  2 caustic shrike simulacra
  10 hydras
  Erolcha (D:13)
  4 peacekeepers
  3 catoblepae
  Erica (Orc:1)
  3 radroaches
  2 two-headed ogres (D:12)
  5 boulder beetles
  A salamander tyrant (Depths:3)
  5 ironbound frosthearts
  3 merfolk aquamancers
  A jorogumo (Spider:3)
  A spriggan skeleton (Crypt:2)
  An alligator snapping turtle (Shoals:4)
  3 spriggan air magi
  11 dancing weapons
  2 satyrs (Shoals:4)
  19 centaur warriors
  8 death yaks
  A death knight (Crypt:1)
  5 deep troll shamans
  An orc high priest (Orc:1)
  A titan zombie (Crypt:1)
  5 tengu warriors
  4 vampire magi
  8 deep troll earth magi
  2 soul eaters
  3 thrashing horrors (Abyss:2)
  10 spriggan berserkers
  11 hell knights
  A titan skeleton (Depths:2)
  9 deep elf knights
  3 sun demons
  21 skeletal warriors
  3 wretched stars (Abyss:2)
  A sixfirhy (Depths:1)
  6 skysharks
  Lodul (D:10)
  A storm dragon zombie (Depths:2)
  4 iron trolls
  4 pharaoh ants
  4 sun moths
  A salamander mystic (Depths:3)
  A spatial maelstrom (Abyss:2)
  3 shadow wraiths
  4 flayed ghosts
  49 deep trolls
  2 orange crystal statues
  5 orb spiders
  2 anaconda zombies (Crypt:3)
  17 glowing orange brains
  A shadow demon (Abyss:2)
  16 sea snakes
  87 slime creatures
  7 phantasmal warriors
  21 deep elf pyromancers
  11 wizards
  2 spriggan simulacra (Depths:2)
  16 deep elf zephyrmancers
  A bog body (Crypt:2)
  11 necromancers
  A fenstrider witch simulacrum (Crypt:1)
  18 ironbound convokers
  6 lindwurms
  10 deep elf archers
  17 wolf spiders
  6 harpies
  20 starcursed masses
  12 steelbarb worms
  6 cyclopes
  47 ugly things
  3 salamanders (Depths:3)
  4 orc knights
  2 orc sorcerers
  11 manticores
  A cyclops (shapeshifter) (Depths:3)
  29 moths of wrath
  5 shining eyes
  A tengu skeleton (Depths:2)
  A shock serpent zombie (Crypt:3)
  15 fauns
  14 merfolk sirens
  2 worldbinders (Abyss:2)
  3 black mambas
  5 rust devils
  A frost giant skeleton (Crypt:1)
  11 demonic crawlers
  An apocalypse crab (Abyss:2)
  22 vault sentinels
  3 ice statues (IceCv)
  2 molten gargoyles (Lair:5)
  12 eyes of devastation
  5 water nymphs
  3 smoke demons
  3 gargoyles
  An orange demon (Abyss:2)
  A naga mage (D:15)
  An alligator snapping turtle zombie (Crypt:2)
  5 centaur skeletons
  A torpor snail (Spider:3)
  9 cane toads
  2 naga skeletons
  12 unseen horrors
  An efreet (Abyss:2)
  A cane toad (shapeshifter) (Vaults:5)
  3 unseen horror zombies
  A rime drake (shapeshifter) (Depths:3)
  2 rime drakes
  Psyche (D:12)
  A spark wasp simulacrum (Depths:2)
  25 yaktaurs
  10 komodo dragons
  5 freezing wraiths
  3 tengu conjurers
  10 guardian mummies (Crypt:3)
  2 anaconda simulacra (IceCv)
  A pale draconian skeleton (Crypt:2)
  28 merfolk
  A harpy zombie (Crypt:3)
  3 ancient zymes
  6 meliai
  A red devil (Zot:3)
  A silent spectre (Abyss:3)
  5 polar bears
  A meliai (shapeshifter) (Elf:3)
  10 trolls
  6 hornets
  3 wind drakes (Shoals:1)
  5 dream sheep (Shoals:3)
  A hydra skeleton (Crypt:2)
  14 tarantellas
  An ettin zombie (Crypt:1)
  10 snapping turtles
  8 blink frogs
  2 meliai zombies
  2 iron dragon simulacra
  A centaur simulacrum (Crypt:1)
  25 jumping spiders
  22 culicivoras
  2 ynoxinuls
  5 vampires
  A jumping spider (shapeshifter) (Elf:1)
  3 shadows
  5 spriggans
  3 hogs (Spider:3)
  An ice dragon skeleton (Crypt:2)
  7 wraiths
  14 water elementals
  3 air elementals
  A human (Spider:3)
  6 basilisks
  8 large abominations
  3 fire bats (Depths:3)
  6 fire elementals
  4 wyverns
  A hog (shapeshifter) (Elf:3)
  A black mamba skeleton (Crypt:1)
  2 ettin skeletons
  33 yaks
  6 golden eyes
  A wind drake skeleton (Crypt:3)
  39 redbacks
  4 chaos spawn
  6 neqoxecs
  3 steam dragons
  Menkaure (D:5)
  A merfolk zombie (Crypt:2)
  5 wargs
  A water nymph zombie (Crypt:3)
  A two-headed ogre zombie (Crypt:2)
  Edmund (D:4)
  2 acid dragons (D:13)
  15 water moccasins
  A floating eye (Abyss:3)
  7 hell hounds
  A black bear (shapeshifter) (D:15)
  2 ice beasts
  A black bear (D:5)
  36 orc warriors
  12 wolves
  A dream sheep zombie (Crypt:1)
  10 ogres
  A dream sheep skeleton (Crypt:2)
  7 small abominations
  8 centaurs
  A blink frog skeleton (Crypt:3)
  3 phantoms
  3 kobold brigands
  4 gnoll sergeants
  16 bullfrogs
  A cane toad simulacrum (IceCv)
  An elf zombie (Crypt:2)
  4 necrophages
  3 earth elementals
  5 scorpions
  A wyvern zombie (D:8)
  A wyvern skeleton (Crypt:2)
  4 wights (D:8)
  2 elephant simulacra (IceCv)
  8 howler monkeys
  5 electric eels
  5 lava snakes (Lair:5)
  7 centaur zombies
  A crimson imp (Abyss:2)
  3 hounds
  6 quasits
  18 orc priests
  5 jellies
  A gnoll bouda (D:8)
  4 iguanas
  An iron imp (Abyss:2)
  2 sleepcaps
  32 orc wizards
  A polar bear simulacrum (IceCv)
  A boggart skeleton (D:15)
  A boggart zombie (Crypt:3)
  A wolf simulacrum (IceCv)
  An ogre zombie (Crypt:3)
  A boggart simulacrum (D:15)
  7 mummies (Crypt:3)
  3 howler monkey zombies
  A howler monkey skeleton (Crypt:1)
  24 gnolls
  16 adders
  5 river rats (Sewer)
  4 white imps
  2 ufetubi (D:7)
  An adder zombie (Crypt:3)
  An adder skeleton (Crypt:3)
  2 dart slugs
  2 worms (D:2)
  113 orcs
  17 endoplasms
  7 giant cockroaches
  9 goblins
  9 hobgoblins
  18 kobolds
  3 quokkas
  14 ball pythons
  3 bats
  5 frilled lizards
  A hobgoblin skeleton (Crypt:2)
  30 rats
  A rat zombie (Crypt:3)
  A bush (D:8)
  6 starspawn tentacles (WizLab)
2411 creatures vanquished.

Vanquished Creatures (collateral kills)
  6 foxfires (Lair:3)
6 creatures vanquished.

Vanquished Creatures (others)
  A black draconian (Zot:1)
  A purple draconian (Zot:2)
  A neqoxec (Abyss:1)
  A kobold (D:10)
  A bush (D:8)
  11 demonic plants
  972 foxfires
  15 fungi
  221 plants
  14 starspawn tentacles (WizLab)
  14 tentacles (Shoals:4)
  A withered plant (D:10)
1253 creatures vanquished.

Grand Total: 3670 creatures vanquished

Notes
Turn   | Place    | Note
-------+----------+-------------------------------------------
     0 | D:1      | jagoly the Tengu Reaver began the quest for the Orb.
     0 | D:1      | Reached XP level 1. HP: 12/12 MP: 4/4
   211 | D:1      | Reached skill level 1 in Stealth
   242 | D:1      | Reached XP level 2. HP: 15/17 MP: 6/6
   413 | D:1      | Found a faded altar of an unknown god.
   851 | D:1      | Reached XP level 3. HP: 9/21 MP: 7/7
  1158 | D:2      | Reached skill level 1 in Necromancy
  1771 | D:2      | Learned a level 3 spell: Hailstorm
  1970 | D:3      | Reached XP level 4. HP: 14/24 MP: 4/8
  2231 | D:2      | Reached skill level 1 in Ice Magic
  2336 | D:2      | Reached skill level 5 in Conjurations
  2458 | D:3      | Found a radiant altar of Vehumet.
  2490 | D:3      | Became a worshipper of Vehumet
  2656 | D:3      | Gained mutation: Your magical nature lets you fly swiftly
                  | and evasively. [Tengu growth]
  2656 | D:3      | Reached XP level 5. HP: 24/30 MP: 4/9
  2863 | D:3      | Reached skill level 5 in Polearms
  3042 | D:4      | Reached * piety under Vehumet
  3042 | D:4      | Offered knowledge of Sandblast by Vehumet.
  3043 | D:4      | Reached XP level 6. HP: 28/34 MP: 8/10
  3073 | D:4      | Noticed Edmund
  3464 | D:4      | Found a glowing drain.
  3490 | Sewer    | Entered a sewer
  3632 | Sewer    | Offered knowledge of Foxfire by Vehumet.
  3652 | Sewer    | Learned a level 1 spell: Foxfire
  3786 | Sewer    | Reached ** piety under Vehumet
  3854 | Sewer    | Reached XP level 7. HP: 40/40 MP: 11/11
  3859 | Sewer    | Reached skill level 1 in Fire Magic
  4427 | D:4      | Killed Edmund
  4547 | D:4      | Offered knowledge of Static Discharge by Vehumet.
  4559 | D:4      | Learned a level 2 spell: Static Discharge
  4560 | D:4      | Found Wiafizoa's Antique Weapon Shoppe.
  4701 | D:5      | Entered Level 5 of the Dungeon
  4806 | D:4      | Reached skill level 1 in Armour
  4891 | D:5      | Reached XP level 8. HP: 32/45 MP: 10/12
  5008 | D:5      | Found Haofoume's Assorted Antiques.
  5041 | D:5      | Bought 2 purple potions for 48 gold pieces
  5041 | D:5      | Bought a fuming coppery potion for 24 gold pieces
  5041 | D:5      | Bought a scroll labelled JEF QANEOCHIPE for 27 gold pieces
  5167 | D:5      | Reached *** piety under Vehumet
  5291 | D:5      | Noticed Menkaure
  5345 | D:5      | Killed Menkaure
  6397 | D:6      | Reached XP level 9. HP: 47/51 MP: 3/13
  6415 | D:5      | Reached skill level 10 in Polearms
  6579 | D:6      | Reached skill level 1 in Air Magic
  6868 | D:5      | Noticed a rust devil
  6868 | D:5      | Noticed a rust devil
  7015 | D:6      | Found Qogo's General Store.
  7025 | D:6      | Bought a scroll of magic mapping for 90 gold pieces
  7219 | D:6      | Found a staircase to the Ecumenical Temple.
  7510 | D:7      | Offered knowledge of Inner Flame by Vehumet.
  7997 | D:7      | Found a white marble altar of Elyvilon.
  8330 | D:8      | Reached **** piety under Vehumet
  8424 | D:8      | Found a glowing silver altar of Zin.
  8687 | D:8      | Found a blossoming altar of Fedhas.
  8727 | D:8      | Offered knowledge of Plasma Beam by Vehumet.
  8729 | D:8      | Reached XP level 10. HP: 56/56 MP: 0/16
  8738 | D:8      | Reached skill level 5 in Air Magic
  8921 | D:8      | Learned a level 5 spell: Plasma Beam
  8948 | D:8      | Found a hide-covered altar of Uskayaw.
  9592 | D:8      | Learned a level 2 spell: Blink
  9855 | D:9      | Reached skill level 1 in Translocations
 10213 | D:9      | Found an iron altar of Okawaru.
 10235 | D:9      | Found an opulent altar of Gozag.
 10743 | D:10     | Entered Level 10 of the Dungeon
 10761 | D:9      | Reached skill level 1 in Shields
 10966 | D:9      | Reached skill level 5 in Spellcasting
 11094 | D:10     | Reached XP level 11. HP: 50/61 MP: 14/19
 11784 | D:10     | Reached skill level 5 in Fire Magic
 11892 | D:10     | Found a burning altar of Makhleb.
 11970 | D:9      | Learned a level 4 spell: Airstrike
 12007 | D:10     | Reached ***** piety under Vehumet
 12072 | D:10     | Offered knowledge of Arcjolt by Vehumet.
 12090 | D:10     | HP: 3/61 [something (27)]
 12226 | D:10     | Noticed Lodul
 12230 | D:10     | Killed Lodul
 12802 | D:10     | Learned a level 5 spell: Arcjolt
 13496 | D:6      | Bought a scroll of identify for 24 gold pieces
 13655 | D:11     | Found a staircase to the Lair.
 13655 | D:11     | Found the +8 trident of the Octopus King {venom, rElec
                  | rPois}
 13986 | D:11     | Noticed a cyclops
 13988 | D:11     | Killed a cyclops
 13989 | D:11     | Reached XP level 12. HP: 67/67 MP: 13/25
 14544 | D:11     | Found a staircase to the Orcish Mines.
 14601 | D:11     | Offered knowledge of Orb of Destruction by Vehumet.
 14889 | Lair:1   | Entered Level 1 of the Lair of Beasts
 15188 | Lair:1   | Noticed a five-headed hydra
 15189 | Lair:1   | Noticed a skyshark
 15191 | Lair:1   | Noticed a death yak
 15196 | Lair:1   | Killed a five-headed hydra
 15196 | Lair:1   | Killed a skyshark
 15197 | Lair:1   | Reached skill level 10 in Spellcasting
 15200 | Lair:1   | Killed a death yak
 15467 | Lair:1   | Reached skill level 5 in Armour
 15467 | Lair:1   | Reached skill level 5 in Dodging
 15567 | Lair:1   | Learned a level 7 spell: Orb of Destruction
 15752 | Lair:1   | Reached skill level 5 in Fighting
 16118 | Lair:2   | Reached skill level 5 in Shields
 16334 | Lair:2   | Noticed a five-headed hydra
 16337 | Lair:2   | Killed a five-headed hydra
 16412 | Lair:2   | Noticed a skyshark
 16416 | Lair:2   | Killed a skyshark
 16417 | Lair:2   | Reached XP level 13. HP: 73/73 MP: 17/28
 16474 | Lair:2   | Found a staircase to the Shoals.
 17500 | Lair:3   | Found a frozen archway.
 17541 | IceCv    | Entered an ice cave
 18225 | Lair:3   | Found a hole to the Spider Nest.
 18240 | Lair:3   | Reached skill level 10 in Air Magic
 18335 | Lair:3   | Offered knowledge of Fireball by Vehumet.
 19845 | Lair:4   | Found a staircase to the Slime Pits.
 20511 | Lair:5   | Entered Level 5 of the Lair of Beasts
 20738 | Lair:5   | Reached XP level 14. HP: 80/80 MP: 11/31
 21072 | Lair:5   | Learned a level 3 spell: Swiftness
 21772 | Lair:5   | Found a large runed translucent door.
 21772 | Lair:5   | Found a large runed translucent door.
 22466 | Lair:3   | Learned a level 3 spell: Ignite Poison
 22628 | Orc:1    | Entered Level 1 of the Orcish Mines
 22793 | Orc:2    | Entered Level 2 of the Orcish Mines
 22935 | Orc:2    | Found a staircase to the Elven Halls.
 22967 | Orc:2    | Offered knowledge of Conjure Ball Lightning by Vehumet.
 22993 | Orc:2    | Reached skill level 1 in Poison Magic
 23237 | Orc:2    | Noticed an orc warlord
 23249 | Orc:2    | Killed an orc warlord
 23555 | Orc:2    | Found Biasuveum's Book Boutique.
 23742 | Orc:2    | Found Jaluunao's Jewellery Boutique.
 23923 | Orc:2    | Found Vupnuk's Antique Weapon Shop.
 23925 | Orc:2    | Found Wieqowea's Antique Armour Boutique.
 23944 | Orc:2    | Bought a dazzling cloak for 209 gold pieces
 23944 | Orc:2    | Identified the -2 cloak of Feasting {Str+2} (You bought it
                  | in a shop on level 2 of the Orcish Mines)
 24011 | Orc:1    | Found Vevom's Antique Weapon Shoppe.
 24227 | Orc:1    | Noticed Erica
 24232 | Orc:1    | Killed Erica
 24417 | Orc:2    | Bought a Young Poisoner's Handbook for 220 gold pieces
 24420 | Orc:2    | Learned a level 2 spell: Poisonous Vapours
 24750 | D:5      | Bought a square copper amulet for 135 gold pieces
 25041 | D:12     | Reached ****** piety under Vehumet
 25442 | D:12     | Offered knowledge of Irradiate by Vehumet.
 25480 | D:12     | Learned a level 5 spell: Irradiate
 25604 | D:12     | Noticed Psyche
 25606 | D:12     | Killed Psyche
 25607 | D:12     | Reached skill level 1 in Throwing
 25943 | D:13     | Noticed Erolcha
 25948 | D:13     | Killed Erolcha
 26286 | D:13     | Reached XP level 15. HP: 86/86 MP: 25/32
 26314 | D:13     | Found Weggaule's Vocational Training.
 26674 | D:14     | Reached skill level 10 in Conjurations
 26895 | D:14     | Reached skill level 1 in Transmutations
 27189 | D:14     | Found a transporter.
 27239 | D:14     | Found a transporter.
 27287 | D:14     | Noticed Caerwyn's ghost (adept KoEn)
 27348 | D:14     | Killed Caerwyn's ghost
 27351 | D:14     | Got the ring of Rutz {rC+ Str+4 Dex+6}
 27359 | D:14     | Identified the +3 sling of Inflation {elec, rC+ Int+4}
 27554 | D:14     | Found a gate to the Vaults.
 27666 | D:15     | Entered Level 15 of the Dungeon
 28012 | D:15     | Found the necklace of Bloodlust {Fury *Rage Will++ Int-3
                  | Slay+6}
 28413 | D:15     | Found a staircase to the Depths.
 28885 | Depths:1 | Entered Level 1 of the Depths
 29424 | Shoals:1 | Entered Level 1 of the Shoals
 29441 | Shoals:1 | Offered knowledge of Ozocubu's Refrigeration by Vehumet.
 29928 | Shoals:1 | Identified the +0 chain mail "Piekomm" {Fly}
 30009 | Shoals:1 | Found Puschum's Magic Scroll Boutique.
 30104 | Shoals:1 | Reached XP level 16. HP: 93/93 MP: 28/34
 30720 | Shoals:2 | Noticed Aizul
 30728 | Shoals:2 | Killed Aizul
 31211 | Shoals:2 | Noticed Ilsuiw
 31221 | Shoals:2 | Killed Ilsuiw
 32364 | Shoals:3 | Found Bepaced's Antique Weapon Shop.
 32560 | Shoals:3 | Offered knowledge of Starburst by Vehumet.
 32636 | Shoals:3 | Noticed Polyphemus
 32641 | Shoals:3 | Killed Polyphemus
 32691 | Shoals:3 | Found the +8 demon trident "Rift" {distort, reach+}
 33237 | Shoals:4 | Entered Level 4 of the Shoals
 33237 | Shoals:4 | Noticed Mlioglotl
 33242 | Shoals:4 | Identified the +8 trident "Giantslayer" {freeze, *Slow
                  | rPois rF+ Int+7}
 33243 | Shoals:4 | Noticed Donald
 33458 | Shoals:4 | Gained mutation: Your system is resistant to poisons.
                  | (rPois) [a neqoxec]
 33729 | Shoals:4 | Killed Donald
 34374 | Shoals:4 | Noticed a kraken
 34406 | Shoals:4 | Killed Mlioglotl
 34898 | Shoals:4 | Reached XP level 17. HP: 100/100 MP: 26/36
 34947 | Shoals:4 | Reached skill level 15 in Conjurations
 35156 | Shoals:4 | Killed a kraken
 35245 | Shoals:4 | Learned a level 6 spell: Starburst
 35372 | Shoals:4 | Identified the +2 ring mail "Gicvonlu" {rPois Int+3}
 35664 | Shoals:4 | Got a barnacled rune of Zot
 35966 | Shoals:1 | Bought a scroll of identify for 30 gold pieces
 35967 | Shoals:1 | Bought a scroll of fog for 60 gold pieces
 36134 | D:13     | Bought a manual of Evocations for 1200 gold pieces
 36270 | Vaults:1 | Entered Level 1 of the Vaults
 36281 | Vaults:1 | Offered knowledge of Lehudib's Crystal Spear by Vehumet.
 36281 | Vaults:1 | Offered knowledge of Shatter by Vehumet.
 36281 | Vaults:1 | Offered knowledge of Chain Lightning by Vehumet.
 36282 | Vaults:1 | Reached skill level 1 in Evocations
 36577 | Vaults:1 | Identified the +4 ring mail of Sijianoi {Dex+2}
 36741 | Vaults:1 | HP: 5/101 [phantasmal warrior (29)]
 36742 | Vaults:1 | Reached skill level 10 in Armour
 36868 | Vaults:1 | Reached skill level 10 in Dodging
 37125 | Vaults:1 | Reached skill level 5 in Evocations
 37384 | Vaults:1 | Reached skill level 10 in Fighting
 37522 | Vaults:1 | Reached XP level 18. HP: 107/107 MP: 33/37
 37557 | Vaults:1 | Reached skill level 15 in Spellcasting
 37561 | Vaults:1 | HP: 1/107 [yaktaur/bolt[a yaktaur captain] (21)]
 37772 | Vaults:1 | Identified a scroll of acquirement
 39067 | Vaults:2 | Identified the +5 battleaxe of the Blushing Coward
                  | {protect, rC+++ rN+ Str-2 Dex+2}
 39677 | Vaults:2 | Noticed Mara
 39703 | Vaults:2 | Noticed jagoly's illusion
 40202 | Vaults:2 | Found Cuovab Lokhe's General Store.
 40318 | Vaults:2 | Noticed jagoly's illusion
 40330 | Vaults:2 | Killed Mara
 40435 | Vaults:2 | Reached skill level 10 in Fire Magic
 40699 | Vaults:2 | Reached skill level 10 in Evocations
 40709 | Vaults:2 | Reached XP level 19. HP: 113/113 MP: 6/39
 40859 | Vaults:2 | Acquired a ring of see invisible
 40914 | Vaults:3 | Found a magical portal.
 40926 | WizLab   | Entered Lehudib's Moon Base
 41097 | WizLab   | Found a transporter.
 41664 | WizLab   | Found a transporter.
 43010 | WizLab   | Identified the staff of poison "Abiatoj" {rPois rC+ rN+
                  | Dex+6}
 43369 | Vaults:3 | Found a staircase to the Crypt.
 44587 | Vaults:4 | Noticed Margery
 44905 | Vaults:4 | Reached XP level 20. HP: 99/121 MP: 29/40
 45473 | Vaults:4 | Noticed Mennas
 45584 | Vaults:4 | Killed Mennas
 45585 | Vaults:4 | Reached skill level 15 in Air Magic
 45724 | Vaults:4 | Killed Margery
 46562 | Vaults:4 | Learned a level 8 spell: Ignition
 46980 | Spider:1 | Entered Level 1 of the Spider Nest
 49010 | Spider:3 | Found a runed translucent door.
 49148 | Spider:3 | Found a shimmering altar of Xom.
 49148 | Spider:3 | Noticed Goriov's ghost (journeyman DECj)
 49150 | Spider:3 | Identified the +5 quarterstaff of Bil Ink {chaos, rC+}
 49699 | Spider:3 | Reached skill level 15 in Fire Magic
 49699 | Spider:3 | Reached XP level 21. HP: 122/127 MP: 24/42
 49708 | Spider:3 | Noticed Arachne
 49873 | Spider:3 | Killed Arachne
 50621 | Spider:3 | Noticed Kirke
 50664 | Spider:3 | Killed Kirke
 50858 | Spider:4 | Entered Level 4 of the Spider Nest
 51145 | Spider:4 | Identified the +1 morningstar of Rairanom {freeze, *Slow
                  | rF+ rN+ Int+2}
 51442 | Spider:4 | Noticed Roxanne
 51639 | Spider:4 | Killed Roxanne
 51704 | Spider:4 | Learned a level 1 spell: Apportation
 51761 | Spider:4 | Noticed Agnes
 51853 | Spider:4 | Killed Agnes
 52520 | Spider:4 | Got a gossamer rune of Zot
 52722 | Shoals:1 | Bought a scroll of teleportation for 45 gold pieces
 52891 | Elf:1    | Entered Level 1 of the Elven Halls
 54186 | Elf:2    | Found Xoahat's Weapon Shop.
 54198 | Elf:2    | Found Osoj's Assorted Antiques.
 54243 | Elf:2    | Found Bizoag's Assorted Antiques.
 54354 | Elf:2    | Found Olukh's Book Shop.
 54410 | Elf:2    | Found Fiefinib's Antique Weapon Shop.
 54623 | Elf:2    | Found a runed translucent gate.
 54623 | Elf:2    | Found a runed translucent gate.
 54629 | Elf:2    | Found a runed translucent gate.
 54756 | Elf:2    | Identified the +1 quarterstaff of Overwhelming Force
                  | {freeze, rN+ MP+9}
 54954 | Elf:3    | Entered Level 3 of the Elven Halls
 56085 | Elf:3    | Reached XP level 22. HP: 117/134 MP: 16/43
 56326 | Elf:3    | Identified the +8 quarterstaff of Stickiness {freeze, rF-
                  | rN++ rCorr Int+3}
 56341 | Elf:3    | Identified the +3 quarterstaff of Wisdom {freeze, Str+5}
 56341 | Elf:3    | Identified the ring "Ewkeotwi" {Wiz rPois rC+ Will++ Str-2}
 56425 | Elf:3    | Identified the staff of death "Apitim" {rN+ Str+5}
 56441 | Elf:3    | Identified the +1 scale mail of Rosm {rPois Dex+3}
 56504 | Elf:3    | Identified the +7 arbalest of Corporal Punishment {flame,
                  | rElec rF+ Str-3}
 56678 | Elf:2    | Bought a scroll of fear for 88 gold pieces
 56678 | Elf:2    | Bought a scroll of fear for 88 gold pieces
 56678 | Elf:2    | Bought a scroll of teleportation for 66 gold pieces
 56970 | D:5      | Bought a scroll of enchant armour for 202 gold pieces
 57567 | Vaults:2 | Bought a potion of mutation for 104 gold pieces
 57567 | Vaults:2 | Bought a scroll of fog for 52 gold pieces
 58335 | Depths:1 | Noticed an ancient lich
 58589 | Depths:1 | Found a one-way gateway to a ziggurat.
 59377 | Depths:1 | Found a gateway to Hell.
 59634 | Depths:1 | You are sucked into a shaft and drop 1 floor!
 59807 | Depths:1 | Found a one-way gate to the infinite horrors of the Abyss.
 60847 | Depths:2 | Reached XP level 23. HP: 108/142 MP: 25/44
 61183 | Depths:2 | Found a one-way gate leading to the halls of Pandemonium.
 62800 | Depths:3 | Found a white marble altar of Elyvilon.
 63178 | Depths:3 | Found a runed translucent door.
 63233 | Depths:3 | Noticed Xtahua
 63240 | Depths:3 | Killed Xtahua
 63389 | Depths:3 | Found a runed translucent door.
 63395 | Depths:3 | Noticed a juggernaut
 63446 | Depths:3 | Killed a juggernaut
 63702 | Depths:4 | Entered Level 4 of the Depths
 63764 | Depths:4 | Noticed a juggernaut
 63770 | Depths:4 | Killed a juggernaut
 63905 | Depths:4 | Found Qiwuk's Jewellery Shoppe.
 63906 | Depths:4 | Found Juco's Book Boutique.
 63907 | Depths:4 | Found Souwuph's Jewellery Shoppe.
 65272 | Depths:4 | Found a gate to the Realm of Zot.
 65749 | Slime:1  | Entered Level 1 of the Pits of Slime
 65804 | Slime:1  | Reached XP level 24. HP: 138/148 MP: 35/46
 66269 | Slime:5  | Entered Level 5 of the Pits of Slime
 66667 | Slime:5  | Found a viscous altar of Jiyva.
 66682 | Slime:5  | Noticed the Royal Jelly
 66688 | Slime:5  | Killed the Royal Jelly
 66689 | Slime:5  | Reached skill level 15 in Dodging
 66819 | Slime:4  | Reached skill level 15 in Armour
 67129 | Slime:5  | Identified the +1 scale mail "Xuxtamir" {Str+3 Slay+2}
 67141 | Slime:5  | Identified the +6 trident "Nethrang" {freeze, +Blink Fly
                  | MP-9 Str+3}
 67239 | Slime:5  | Identified the staff of death "Isaec" {rC+ rN+ Will+}
 67267 | Slime:5  | Identified the ring of Impatience {rPois rN+ Will+ Slay-5}
 67278 | Slime:5  | Got Sif Muna's Vademecum on the Productive Coals
 67299 | Slime:5  | Identified the +0 helmet of Forking Paths {Int+2}
 67310 | Slime:5  | Identified the staff of death "Ticliocy" {rF+ rN+ rCorr
                  | Int-4}
 67346 | Slime:5  | Got a slimy rune of Zot
 67357 | Slime:5  | Identified the ring of Qico {Will++ rCorr}
 67403 | Slime:5  | Learned a level 8 spell: Maxwell's Capacitive Coupling
 67897 | Vaults:5 | Entered Level 5 of the Vaults
 67900 | Vaults:5 | Reached skill level 15 in Fighting
 68198 | Vaults:5 | Noticed a dread lich
 68215 | Vaults:5 | Killed a dread lich
 68261 | Vaults:5 | Noticed a dread lich
 68436 | Vaults:4 | Killed a dread lich
 69137 | Vaults:5 | Identified the +10 mace of Lies {protect, rN+ Str-5 Dex+3
                  | Stlth+}
 69147 | Vaults:5 | Reached XP level 25. HP: 156/156 MP: 21/46
 69308 | Vaults:5 | Identified the +1 halberd of Peockymo {freeze, Str+5
                  | Stlth-}
 69380 | Vaults:5 | Found the +7 mace of Variability {chaos, chain chaos}
 69383 | Vaults:5 | Identified the +5 trident of Departure {flame, *Slow rElec
                  | rF+++ Stlth+}
 69392 | Vaults:5 | Identified the +0 scale mail of the Flute {*Slow rElec
                  | Dex+3 Stlth+}
 69394 | Vaults:5 | Identified the +6 mace of Qacuficai {venom, rF+}
 69414 | Vaults:5 | Identified the ring "Geubu" {Fire SInv}
 69556 | Vaults:5 | Got a silver rune of Zot
 69741 | Vaults:5 | Identified the +7 chain mail of Ifenloes {Fly}
 70157 | Vaults:5 | Identified the +5 longbow of the Skies Above {drain, Int+5}
 70168 | Vaults:5 | Identified the staff of air "Careta" {Fly rElec rPois
                  | Int+2}
 70593 | Elf:2    | Bought 2 scrolls of fear for 272 gold pieces
 70593 | Elf:2    | Bought a potion of curing for 102 gold pieces
 70593 | Elf:2    | Bought a potion of brilliance for 136 gold pieces
 71143 | Crypt:1  | Entered Level 1 of the Crypt
 71753 | Crypt:1  | Found an ancient bone altar of Kikubaaqudgha.
 72467 | Crypt:2  | Noticed Jory
 72745 | Crypt:2  | Noticed Grunn
 72753 | Crypt:2  | Killed Grunn
 72992 | Crypt:2  | Killed Jory
 73611 | Crypt:3  | Entered Level 3 of the Crypt
 73887 | Crypt:3  | Found a glowing golden altar of the Shining One.
 73910 | Crypt:3  | Found a burning altar of Makhleb.
 74879 | Crypt:3  | Identified the +4 shortbow "Impbane" {speed, rN+ Will+
                  | Str+2 Stlth-}
 74963 | Crypt:3  | Found a basalt altar of Yredelemnul.
 74967 | Crypt:3  | Found an ancient bone altar of Kikubaaqudgha.
 74980 | Crypt:3  | Identified the +7 quarterstaff of Sin {drain, rElec Str+3
                  | Int-2 Dex+4}
 75003 | Crypt:3  | Found the +13 scythe of Curses {drain, curses, Drain}
 75233 | Crypt:3  | Found a staircase to the Tomb.
 75491 | D:14     | Learned a level 4 spell: Dispel Undead
 75646 | Depths:1 | Voluntarily entered the Abyss.
 75651 | Abyss:1  | Found a corrupted altar of Lugonu.
 75868 | Depths:1 | Escaped the Abyss
 75915 | Depths:1 | Voluntarily entered the Abyss.
 75958 | Abyss:2  | Found a corrupted altar of Lugonu.
 76133 | Abyss:2  | Reached XP level 26. HP: 130/163 MP: 27/46
 76241 | Abyss:2  | Noticed a dread lich
 76246 | Abyss:2  | Killed a dread lich
 76258 | Depths:1 | Escaped the Abyss
 76384 | Depths:1 | Voluntarily entered the Abyss.
 76439 | Abyss:2  | Reached skill level 5 in Necromancy
 76606 | Depths:1 | Escaped the Abyss
 76667 | Depths:1 | Voluntarily entered the Abyss.
 76673 | Abyss:3  | Got an abyssal rune of Zot
 76703 | Abyss:3  | Noticed an ancient lich
 76705 | Abyss:3  | Reached skill level 5 in Transmutations
 76714 | Abyss:3  | Killed an ancient lich
 76744 | Depths:1 | Escaped the Abyss
 77078 | Zot:1    | Entered Level 1 of the Realm of Zot
 77624 | Zot:1    | Identified the +1 chain mail of Lafu {rF+++ rC- Dex-3 SInv}
 78795 | Zot:2    | Noticed a Killer Klown
 80086 | Zot:2    | Noticed a Killer Klown
 80092 | Zot:2    | Killed a Killer Klown
 80112 | Zot:2    | Killed a Killer Klown
 80485 | Zot:2    | You are sucked into a shaft and drop 2 floors!
 80498 | Zot:4    | Reached XP level 27. HP: 163/168 MP: 36/46
 80802 | Zot:3    | Found a transporter.
 80807 | Zot:3    | Found a transporter.
 80809 | Zot:3    | Noticed Ipiohoh's ghost (master TrFi)
 82412 | Zot:4    | Identified the +6 long sword of Disintegration {distort,
                  | *Noise rElec Dex+3}
 83190 | Zot:5    | Entered Level 5 of the Realm of Zot
 83918 | Zot:5    | Noticed an orb of fire
 83920 | Zot:5    | Noticed a dread lich
 83923 | Zot:5    | Got the Orb of Zot
 83924 | Zot:5    | Noticed an orb of fire
 83925 | Zot:5    | Noticed an orb of fire
 83928 | Zot:5    | Noticed an ancient lich
 83928 | Zot:5    | Noticed an ancient lich
 83928 | Zot:5    | Noticed an orb of fire
 83964 | Zot:4    | Noticed Joamao the pandemonium lord
 84055 | Zot:2    | Noticed a seraph
 84647 | D:$      | Escaped with the Orb!

Illustrated notes

Levels and vault maps discovered:
D:1:      dpeg_arrival_water_fire, layout_basic,
          dreamdust_ecumenical_altar_grove, serial_glass, glass_columns_c,
          glass_columns_c, grunt_decor_junction
D:2:      layout_loops_cross, feat_on_display
D:3:      layout_basic, mainiacjoe_overflow_catwalk,
          minmay_randomly_rotated_circles
D:4:      layout_loops_ring, portal_sewer_entry_f, serial_shops,
          nicolae_lakefront_shop, uniq_edmund
D:5:      cheibrodos_iron_armory, layout_basic, serial_shops, shop,
          uniq_menkaure
D:6:      layout_cave_pools, minmay_temple_entry_glassed_door, serial_shops,
          nicolae_shop_advertising_works [nicolae_subvault_shop_adworks]
D:7:      layout_basic, old_standard_altar
D:8:      layout_basic, fedhas_altar_decomposition,
          mainiacjoe_overflow_six_doors_small, kennysheep_mini
D:9:      layout_cave_pools, mainiacjoe_overflow_surrounded_room,
          nicolae_gozag_seed_capital, chequers_serial_rivers_small_a
D:10:     layout_basic, demons_altar, serial_undead, serial_undead_b,
          serial_undead_a, serial_undead_a, serial_undead_c, grunt_ministairs_7,
          lemuel_flamethrower_2, uniq_lodul
D:11:     layout_roguey [special_room_orc], erik_lair_orcish_takeover,
          david_orc_4
D:12:     kennysheep_blocky_hall, layout_basic, uniq_psyche
D:13:     layout_irregular_city, nicolae_shop_vocational, uniq_erolcha
D:14:     layout_basic, grunt_vaults_entry_fortified, gammafunk_ghost_stat_death
D:15:     grunt_enter_depths_magical_seal, layout_gridville, minmay_door_square,
          reono_crystal_passage, hellmonk_guarded_unrand_vitality_bloodlust
Lair:1:   layout_gridlike, nicolae_lair_grove_arrangements, nzn_random_ring
Lair:2:   layout_gridlike, minmay_shoals_entry_hut, serial_bayou_shore_a
Lair:3:   layout_regular_city, spider_nest_entry_web_field,
          portal_ice_cave_entry_pillars_1, wad_woods_river_02
Lair:4:   layout_layer_cave, dpeg_slime_entry_enclosed
Lair:5:   cheibrodos_lair_end_hotspot, layout_cave_shapes
Shoals:1: layout_shoals, serial_shops, nicolae_shop_behind_doors
Shoals:2: layout_shoals, uniq_ilsuiw, uniq_aizul
Shoals:3: layout_shoals, nicolae_stop_n_shop_2, uniq_polyphemus
Shoals:4: shoals_end_grunt_garden, layout_shoals, uniq_donald, uniq_mlioglotl
Spider:1: layout_spider_delve
Spider:2: layout_spider_delve
Spider:3: layout_chambers, ebering_ghost_xom, drop_trap, uniq_kirke,
          uniq_arachne
Spider:4: guppyfry_spider_rune, uniq_roxanne, uniq_agnes
Slime:1:  layout_caves
Slime:2:  layout_caves
Slime:3:  layout_caves
Slime:4:  layout_caves, nicolae_slime_getting_an_eyeful
Slime:5
Orc:1:    layout_diamond_mine, serial_shops, shop, uniq_erica
Orc:2:    grunt_orc_community_town_hall, layout_diamond_mine,
          grunt_orc_community_big_house_2, grunt_orc_community_big_house_1,
          grunt_orc_community_house_2, grunt_orc_community_house_2,
          grunt_orc_community_house_1, grunt_orc_community_house_1,
          grunt_orc_community_house_2
Elf:1:    layout_onion_city, kennysheep_underground_church
Elf:2:    nicolae_elf_blades_splatter_lattice [mumra_blade_entry_dagger],
          layout_geoelf_grid, serial_shops, nicolae_shop_stone,
          nicolae_shop_trees, nicolae_shop_statue_plus, shop,
          nicolae_shop_hallway_plus, minmay_misc_feat_columns,
          nrook_mini_backslash
Elf:3:    minmay_elf_hall_dome, layout_loops_corners
Vaults:1: hangedman_vaults_river_flow, hangedman_vaults_restitches,
          nicolae_vaults_little_squares_2, vaults_room_grunt_arrival_checkpoint,
          hangedman_vaults_slice, nicolae_vaults_little_squares_6,
          v_alt_pattern_5, st_cells, ontoclasm_vaults_chip, vaults_dpeg_hooks,
          layout_vaults_chaotic_city
Vaults:2: dpeg_vaults_monster_row, hangedman_vaults_stitches,
          nicolae_vaults_big_angled_halls, v_misc_13, vaults_mumra_hexcomb,
          v_misc_31, v_misc_12, vaults_room_stairs_pillars, serial_ice_b,
          vaults_room_stairs_pillars, layout_vaults_maze_snakey, serial_shops,
          shop, uniq_mara
Vaults:3: infiniplex_enter_wizlab_water, minmay_crypt_entry_vampire_xt,
          grunt_vaults_twisty, v_pattern_4, layout_vaults_omnigrid
Vaults:4: vaults_room_fancy_cross, nicolae_vaults_circle_grid_a,
          hangedman_vaults_stream, v_misc_11, v_rooms_4, v_misc_23,
          vaults_standard_mumra_lines, v_rooms_4, nicolae_vaults_shelves_hall,
          ontoclasm_vaults_eye, layout_vaults_ring, uniq_mennas, uniq_margery
Vaults:5: serial_shops
Crypt:1:  layout_misc_corridors, basic_altar
Crypt:2:  layout_misc_corridors, grunt_megastairs_1, uniq_jory, uniq_grunn
Crypt:3:  lightli_unholy_cathedral, layout_chaotic_city,
          nicolae_tomb_entry_grand_gallery, minmay_misc_feat_cross,
          nzn_life_drinkers
Depths:1: layout_cave_pools, enter_ziggurat_d, kennysheep_big_empty_room,
          abyss_entry_small_statue_room, hell_entry, lemuel_nasty_fountain,
          grunt_megastairs_5
Depths:2: minmay_ornate_pinched, layout_basic, nicolae_figureground_sparkle,
          hell_entry, pan_entry
Depths:3: thingy_vault_2, layout_basic, elyvilon_altar_3, hell_entry,
          abyss_entry, due_unseen_surprise, uniq_xtahua
Depths:4: grunt_zot_entry_gee_three, layout_cave_pools, hell_entry,
          minmay_shop_grove
Zot:1:    layout_cathedral_of_symmetry
Zot:2:    grunt_zot_stairs_faceoff, layout_concentric_octagons
Zot:3:    layout_basic, gammafunk_ghost_berserking_beasts, evilmike_ambush
          [evilmike_ambush_outer_basic, evilmike_ambush_inner_pond]
Zot:4:    layout_basic
Zot:5:    layout_misc_corridors

Skill      XL: |  1  2  3  4  5  6  7  8  9 10 11 12 13 14 15 16 17 18 19 20 21 22 23 24 25 26 27 |
---------------+----------------------------------------------------------------------------------+-----
Stealth        | 1 2 |  2.0
Necromancy     | 1 2 8 |  8.0
Polearms       | 4 6 7 8 9 11 12 13 14 | 14.0
Ice Magic      | 1 |  1.0
Conjurations   | 5 6 7 8 9 12 14 16 18 19 20 | 20.8
Fire Magic     | 2 3 6 8 9 10 12 15 17 18 19 20 | 20.8
Armour         | 1 3 4 5 6 7 8 9 10 11 12 13 14 15 16 18 | 18.0
Fighting       | 3 4 5 6 7 8 9 10 11 12 14 15 16 17 20 | 20.1
Dodging        | 3 4 5 6 7 8 9 10 11 12 13 14 15 16 18 | 18.0
Air Magic      | 3 7 8 11 12 13 14 16 17 18 19 20 | 20.9
Spellcasting   | 3 5 8 10 12 13 14 15 16 18 | 18.0
Translocations | 2 3 |  3.0
Shields        | 2 4 5 6 8 |  8.0
Poison Magic   | 2 |  2.0
Throwing       | 2 |  2.0
Transmutations | 2 6 |  6.0
Evocations     | 8 10 12 13 | 13.0

Action                     |  1- 3 |  4- 6 |  7- 9 | 10-12 | 13-15 | 16-18 | 19-21 | 22-24 | 25-27 || total
---------------------------+-------+-------+-------+-------+-------+-------+-------+-------+-------++-------
  Melee: Spear             |   157 |    64 |     2 |   182 |       |       |       |       |       ||   405
         Kick              |    16 |    44 |    20 |    73 |    87 |     4 |     8 |    32 |    78 ||   362
         Peck              |    16 |    25 |     7 |    49 |    42 |     2 |     5 |    28 |    51 ||   225
         Trident           |       |   150 |    85 |   132 |   327 |     9 |     9 |    24 |    51 ||   787
         Punch             |       |     1 |       |       |       |       |       |       |       ||     1
         Staff             |       |       |       |    46 |    47 |     3 |    11 |    39 |    98 ||   244
  Throw: Stone             |     1 |     3 |       |     4 |     2 |       |       |       |       ||    10
         Boomerang         |       |       |       |       |     1 |     2 |     2 |       |     4 ||     9
         Javelin           |       |       |       |       |       |     1 |       |       |       ||     1
         Dart              |       |       |       |       |       |       |     2 |       |       ||     2
   Cast: Hailstorm         |     1 |     1 |    26 |    13 |       |       |       |       |       ||    41
         Kiss of Death     |     1 |     1 |       |       |       |       |       |       |       ||     2
         Foxfire           |       |       |   222 |   164 |   174 |     2 |       |       |       ||   562
         Static Discharge  |       |       |    15 |    32 |       |       |       |       |       ||    47
         Plasma Beam       |       |       |       |    59 |   131 |    58 |    72 |    72 |   237 ||   629
         Airstrike         |       |       |       |     5 |    66 |    57 |   153 |   167 |   141 ||   589
         Blink             |       |       |       |     2 |       |     1 |     6 |     5 |     9 ||    23
         Arcjolt           |       |       |       |    10 |    33 |    14 |    17 |    17 |     5 ||    96
         Ignite Poison     |       |       |       |       |    54 |   228 |   271 |    88 |   108 ||   749
         Poisonous Vapours |       |       |       |       |    94 |   425 |   469 |   160 |   187 ||  1335
         Swiftness         |       |       |       |       |     1 |     2 |     6 |     1 |     5 ||    15
         Irradiate         |       |       |       |       |     1 |     6 |    46 |    50 |    69 ||   172
         Orb of Destructio |       |       |       |       |       |    23 |   137 |   170 |   135 ||   465
         Starburst         |       |       |       |       |       |     5 |     5 |    72 |   156 ||   238
         Ignition          |       |       |       |       |       |       |       |    32 |    24 ||    56
         Maxwell's Capacit |       |       |       |       |       |       |       |       |    26 ||    26
         Apportation       |       |       |       |       |       |       |       |       |     1 ||     1
         Dispel Undead     |       |       |       |       |       |       |       |       |     7 ||     7
  Evoke: Phial of floods   |       |       |       |       |     2 |       |       |       |       ||     2
         Wand              |       |       |       |       |       |     2 |     4 |     1 |     3 ||    10
         Lightning rod     |       |       |       |       |       |     2 |       |       |       ||     2
         Tin of tremorston |       |       |       |       |       |       |       |       |     1 ||     1
         Condenser vane    |       |       |       |       |       |       |       |       |     1 ||     1
    Use: Scroll            |       |     2 |     5 |     5 |    15 |    21 |     9 |     8 |    22 ||    87
         Potion            |       |       |       |     2 |       |     5 |     5 |     3 |    12 ||    27
   Stab: Sleeping          |     3 |     6 |       |       |       |       |       |       |       ||     9
         Distracted        |       |     2 |       |       |       |       |       |       |       ||     2
 Armour: Leather armour    |    17 |    30 |     2 |     2 |       |       |       |       |       ||    51
         Scale mail        |       |       |    46 |   128 |    84 |    27 |       |       |       ||   285
         Ring mail         |       |       |       |       |       |    16 |     1 |       |       ||    17
         Quicksilver drago |       |       |       |       |       |       |    62 |       |       ||    62
         Fire dragon scale |       |       |       |       |       |       |       |   108 |   257 ||   365
  Dodge: Dodged            |    30 |    78 |    94 |   160 |   132 |   148 |   189 |   158 |   345 ||  1334
         Repelled          |     1 |     1 |       |     4 |     1 |     1 |    12 |     1 |       ||    21
  Block: Buckler           |       |       |       |    84 |   129 |    78 |    63 |    66 |   141 ||   561
         Reflection        |       |       |       |     1 |     5 |       |       |       |       ||     6

Table legend: (Time is in decaauts)
 A = Elapsed time spent in this place.
 B = Non-inter-level travel time spent in this place.
 C = Inter-level travel time spent in this place.
 D = Time resting spent in this place.
 E = Time spent auto-exploring this place.
 F = Levels seen in this place.
 G = Mean time per level.
                   A        B        C        D        E       F      G
               +--------+--------+--------+--------+--------+-----+--------+
         Total |  79793 |  70072 |   9721 |   6661 |  48354 |  64 | 1246.8 |
       Dungeon |  20877 |  16701 |   4176 |   1098 |  11605 |  15 | 1391.8 |
          Lair |   7407 |   6590 |    817 |    665 |   4854 |   5 | 1481.4 |
        Shoals |   6189 |   5469 |    720 |    786 |   3857 |   4 | 1547.2 |
   Spider Nest |   5292 |   4969 |    323 |     76 |   3902 |   4 | 1323.0 |
    Slime Pits |   1407 |   1315 |     92 |    372 |    340 |   5 |  281.4 |
  Orcish Mines |   1793 |   1521 |    272 |    141 |   1004 |   2 |  896.5 |
   Elven Halls |   3704 |   3353 |    351 |     14 |   2818 |   3 | 1234.7 |
        Vaults |  11667 |   9579 |   2088 |   1087 |   6466 |   5 | 2333.4 |
         Crypt |   3955 |   3844 |    111 |    224 |   2845 |   3 | 1318.3 |
        Depths |   7093 |   6519 |    574 |   1193 |   4223 |   4 | 1773.2 |
           Zot |   6419 |   6226 |    193 |    489 |   4520 |   5 | 1283.8 |
         Abyss |    798 |    798 |      0 |     81 |     35 |   6 |  133.0 |
         Sewer |    529 |    529 |      0 |     19 |    285 |   1 |  529.0 |
      Ice Cave |    601 |    601 |      0 |    229 |    162 |   1 |  601.0 |
        Wizlab |   2055 |   2055 |      0 |    180 |   1431 |   1 | 2055.0 |
               +--------+--------+--------+--------+--------+-----+--------+

Top non-repeatable levels by time:
Vaults:4: 2771 daAuts
Vaults:1: 2753 daAuts
Depths:1: 2661 daAuts
Vaults:2: 2291 daAuts
Shoals:3: 2231 daAuts
Vaults:3: 2231 daAuts
    D:11: 2188 daAuts
  WizLab: 2055 daAuts
     D:5: 1990 daAuts
    D:14: 1866 daAuts
Depths:4: 1846 daAuts
    D:10: 1774 daAuts
  Lair:4: 1759 daAuts
    D:15: 1749 daAuts
     D:9: 1730 daAuts
